 Dungeon Crawl Stone Soup version 0.28.0-47-ge53b351184 (webtiles) character file.

Game seed: 12289547294655930962

294 bobregger the Cudgeller (level 6, -2/62 HPs)
             Began as an Ogre Berserker on May 7, 2022.
             Was a Believer of Trog.
             Slain by a water moccasin skeleton (4 damage)
             ... on level 3 of the Dungeon.
             The game lasted 00:03:43 (3149 turns).

bobregger the Cudgeller (Ogre Berserker)            Turns: 3149, Time: 00:03:44

Health: -2/62      AC:  3    Str: 22    XL:     6   Next: 33%
Magic:  6/6        EV: 10    Int:  8    God:    Trog [**....]
Gold:   88         SH:  0    Dex: 10    Spells: 5/5 levels left

rFire   . . .      SeeInvis +   a - +0 mace
rCold   . . .      Faith    .   (no shield)
rNeg    . . .      Spirit   .   b - +0 animal skin
rPois   .          Reflect  .   (helmet restricted)
rElec   .          Harm     .   (no cloak)
rCorr   .          Rampage  .   (gloves unavailable)
Will    ++...                   (boots unavailable)
Stlth   +.........              (no amulet)
HPRegen 1.20/turn               c - ring of see invisible
MPRegen 0.10/turn               (no ring)

@: brilliant, strong-willed (expiring), on berserk cooldown, regenerating
(expiring), slowed, very slow
A: large, unfitting armour, tough skin 1
a: Renounce Religion, Berserk, Trog's Hand


You were on level 3 of the Dungeon.
You worshipped Trog.
Trog was pleased with you.
You visited 1 branch of the dungeon, and saw 3 of its levels.

You collected 88 gold pieces.

Inventory:

Hand Weapons
 a - a +0 mace (weapon)
Missiles
 e - 2 throwing nets (quivered)
Armour
 b - a +0 animal skin (worn)
Jewellery
 c - a ring of see invisible (left hand)
Scrolls
 d - 3 scrolls of enchant armour {unknown}
 f - 5 scrolls of identify {unknown}
 h - a scroll of fear {unknown}
 i - a scroll of fog {unknown}
 k - a scroll of magic mapping {unknown}
Potions
 j - a potion of mutation {unknown}


   Skills:
 - Level 4.0 Fighting
 + Level 6.3 Maces & Flails
 - Level 2.6 Dodging


You had 5 spell levels left.
You didn't know any spells.
Your spell library was empty.

Dungeon Overview and Level Annotations

Branches:
Dungeon (3/15)

Altars:

Annotations:
D:3 1 transporter


Innate Abilities, Weirdness & Mutations

You are too large for most types of armour.
You have tough skin. (AC +1)


Message History

You are no longer berserk.
You are exhausted.
You feel yourself slow down. The wyvern zombie barely misses you.
You thump the wyvern zombie!
The wyvern zombie is almost destroyed.
The wyvern zombie bites you! x2
You hit the wyvern zombie.
The wyvern zombie is almost destroyed.
The wyvern zombie barely misses you. The wyvern zombie bites you.
You hit the wyvern zombie.
The wyvern zombie is almost destroyed.
The wyvern zombie bites you. x2
You hit the wyvern zombie.
You destroy the wyvern zombie!
Trog accepts your kill.
The water moccasin skeleton barely misses you.
Your Maces & Flails skill increases to level 6!
You barely miss the water moccasin skeleton.
The water moccasin skeleton closely misses you.
The water moccasin skeleton bites you.
* * * LOW HITPOINT WARNING * * *
Unknown command.
Okay, then.
It was a potion of brilliance.
You feel clever all of a sudden. The water moccasin skeleton bites you.
* * * LOW HITPOINT WARNING * * *
The water moccasin skeleton barely misses you.
Your skin crawls.
You feel strong-willed. The water moccasin skeleton bites you.
* * * LOW HITPOINT WARNING * * *
The water moccasin skeleton bites you.
* * * LOW HITPOINT WARNING * * *
You closely miss the water moccasin skeleton.
You feel the effects of Trog's Hand fading.
The water moccasin skeleton bites you.
* * * LOW HITPOINT WARNING * * *
The water moccasin skeleton bites you.
You die...

#######.######## ##..... #)#
#..#8##
#####.##############.####
#............:....##.#
#.#.................##.#
#.#..#############..##.#####
#.#..#...........#..........
#.#..#...........#..########
#.#..#..###@###..#..#
#.#..#..#8#Z#8#..#..#
#....#...$.Z....$#..#
#...©#.....©....$#©.#
#....#..........$#..# #
###..#..#8#.#8#..#..##### ##
#..#..###.###..#......# #.
#..#...........#..###.# #.
#..#©..........#..# #.###.


You could see a howler monkey zombie and a water moccasin skeleton.

Vanquished Creatures
  The ghost of Iusername the Skirmisher, an amateur MiFi (D:3)
  A wyvern zombie (D:3)
  A centaur skeleton (D:3)
  A gnoll (D:1)
  A howler monkey skeleton (D:3)
  2 adders (D:2)
  A worm (D:2)
  2 dart slugs (D:1)
  3 orcs (D:3)
  3 endoplasms
  3 giant cockroaches
  10 goblins
  3 hobgoblins
  4 jackals (D:1)
  7 kobolds
  A quokka (D:2)
  9 ball pythons
  4 bats
  A frilled lizard (D:2)
  3 rats
61 creatures vanquished.

Notes
Turn   | Place    | Note
-------+----------+-------------------------------------------
     0 | D:1      | bobregger the Ogre Berserker began the quest for the Orb.
     0 | D:1      | Reached XP level 1. HP: 24/24 MP: 1/1
    51 | D:1      | Reached skill level 3 in Maces & Flails
   134 | D:1      | Reached XP level 2. HP: 30/32 MP: 2/2
   370 | D:1      | Reached XP level 3. HP: 30/39 MP: 3/3
   706 | D:1      | Reached skill level 4 in Maces & Flails
  1367 | D:2      | Reached XP level 4. HP: 23/48 MP: 4/4
  1835 | D:2      | Reached ** piety under Trog
  2381 | D:3      | Found a transporter.
  2384 | D:3      | Noticed Iusername's ghost (amateur MiFi)
  2389 | D:3      | Found a transporter.
  2914 | D:3      | Reached skill level 5 in Maces & Flails
  3128 | D:3      | Reached XP level 5. HP: 54/54 MP: 5/5
  3139 | D:3      | Killed Iusername's ghost
  3140 | D:3      | Reached XP level 6. HP: 62/62 MP: 6/6
  3146 | D:3      | Reached skill level 6 in Maces & Flails
  3148 | D:3      | HP: 3/62 [water moccasin skeleton (2)]
  3149 | D:3      | Slain by a water moccasin skeleton

Illustrated notes

Levels and vault maps discovered:
D:1:      giann_forest_graveyard, layout_rooms, serial_corexii_hall,
          corexii_hall_statues_t, chequers_hall_statues_y,
          chequers_hall_statues_wall_a, corexii_hall_statues_s
D:2:      layout_basic
D:3:      minmay_goblin_kobold_castle, layout_basic, gammafunk_ghost_mausoleum,
          chequers_serial_rivers_large_a, minmay_misc_feat_roman,
          corexii_hall_statues_t

Skill      XL: |  1  2  3  4  5  6 |
---------------+-------------------+-----
Maces & Flails | 3 4 5 6 |  6.3
Fighting       | |  4.0
Dodging        | |  2.6

Action                   |  1- 3 |  4- 6 || total
-------------------------+-------+-------++-------
Melee: Mace              |    81 |   116 ||   197
       Punch             |     1 |       ||     1
Invok: Berserk           |     3 |     2 ||     5
       Trog's Hand       |       |     1 ||     1
  Use: Potion            |       |     1 ||     1
 Stab: Sleeping          |       |     1 ||     1
Armor: Animal skin       |    29 |    47 ||    76
Dodge: Dodged            |    58 |    72 ||   130
